 Dungeon Crawl Stone Soup version 0.26-a0-61-g6c07f0ee8d (webtiles) character file.

Game seed: 98372761405736299

639 Ozzies the Fighter (level 7, 0/103 HPs)
             Began as a Minotaur Fighter on June 9, 2020.
             Succumbed to a killer bee's poison
             ... on level 5 of the Dungeon.
             The game lasted 00:13:46 (4258 turns).

Ozzies the Fighter (Minotaur Fighter)               Turns: 4258, Time: 00:13:46

Health: 0/103      AC: 11    Str: 22    XL:     7   Next: 25%
Magic:  6/6        EV:  7    Int:  5    God:
Gold:   139        SH:  9    Dex: 10    Spells: 6/6 levels left

rFire    . . .     SeeInvis .   a - +0 war axe
rCold    . . .     Gourm    .   c - +0 kite shield
rNeg     . . .     Faith    .   b - +0 scale mail
rPois    .         Spirit   .   (helmet restricted)
rElec    .         Reflect  .   (no cloak)
rCorr    .         Harm     .   (no gloves)
MR       .....                  (no boots)
Stlth    ..........             (no amulet)
HPRegen  0.27/turn              p - +4 ring of protection
MPRegen  0.10/turn              (no ring)

@: berserking, lethally poisoned (0 -> -14), very quick
A: retaliatory headbutt, horns 2
a: no special abilities


You were on level 5 of the Dungeon.
You were not hungry.

You visited 1 branch of the dungeon, and saw 5 of its levels.

You collected 139 gold pieces.

Inventory:

Hand Weapons
 a - a +0 war axe (weapon)
Armour
 b - a +0 scale mail (worn)
 c - a +0 kite shield (worn)
Jewellery
 p - a +4 ring of protection (left hand)
Wands
 i - a wand of polymorph (6)
 t - a wand of random effects (17)
Scrolls
 e - a scroll of amnesia {unknown}
 g - 5 scrolls of identify {unknown}
 h - 2 scrolls of teleportation {unknown}
 j - a scroll of random uselessness {unknown}
 l - 3 scrolls of fog {unknown}
 n - a scroll of remove curse {unknown}
Potions
 d - 2 potions of might
 k - a potion of berserk rage
 m - a potion of flight {unknown}
 o - 2 potions of heal wounds {unknown}
 q - a potion of invisibility {unknown}
 r - 2 potions of brilliance {unknown}
 s - 2 potions of curing {unknown}
Comestibles
 f - 8 rations


   Skills:
 * Level 8.5 Fighting
 + Level 4.7 Axes
 + Level 4.4 Armour
 + Level 4.4 Shields


You had 6 spell levels left.
You didn't know any spells.
Your spell library contained the following spells:

 Spells                   Type           Power        Failure   Level  Hunger
 Confusing Touch          Hex            #.......     100%        3    ####...
 Gell's Gravitas          Tloc           #.........   100%        3    ####...
 Petrify                  Tmut/Erth      #.......     100%        4    #####..
 Metabolic Englaciation   Hex/Ice        #.........   100%        5    ######.
 Yara's Violent Unravell  Hex/Tmut       #.........   100%        5    ######.


Dungeon Overview and Level Annotations

Branches:
Dungeon (5/15)
 Temple: D:4-7

Altars:
Fedhas
Ru
Vehumet


Innate Abilities, Weirdness & Mutations

You reflexively headbutt those who attack you in melee.
You have a pair of horns on your head.


Message History

You kill the killer bee!
The killer bee stings you.
* * * LOW HITPOINT WARNING * * *
You are too berserk!
You are too berserk!
You barely miss the killer bee. Your headbutt misses the killer bee.
* * * LOW HITPOINT WARNING * * *
You feel sick. You block the killer bee's attack.
You miss the killer bee. Your headbutt misses the killer bee.
* * * LOW HITPOINT WARNING * * *
You feel sick. The killer bee stings you.
* * * LOW HITPOINT WARNING * * *
The killer bee barely misses you.
You closely miss the killer bee.
* * * LOW HITPOINT WARNING * * *
You feel sick.
The killer bee stings you but does no damage.
You block the killer bee's attack.
You barely miss the killer bee.
You die...

#.............###
#.#####.#.###.#
#. #.#.###.# ..
#...#...# #..
#.###.#.# # #..
#.# #.####.###
#.. ..#
##(...(... ####
#..##.##. #@#.#
#y##..
#..Z...(...
#%#.##...##
...#.# .#.# .##
#.. ##. # #(. .##
.


You could see a killer bee and a leopard gecko skeleton.

Vanquished Creatures
  An ogre (D:4)
  4 killer bees (D:5)
  A jelly (D:5)
  3 orc priests
  An orc wizard (D:3)
  A hound zombie (D:5)
  A worker ant zombie (D:5)
  6 adders
  2 shadow imps
  3 oozes
  An adder zombie (D:4)
  5 worms
  A dart slug (D:1)
  6 leopard geckos
  14 orcs
  4 giant cockroaches
  10 hobgoblins
  3 jackals (D:3)
  2 quokkas
  8 bats
  5 frilled lizards
  8 goblins
  10 kobolds
  6 rats
106 creatures vanquished.

Notes
Turn   | Place    | Note
-------+----------+-------------------------------------------
     0 | D:1      | Ozzies the Minotaur Fighter began the quest for the Orb.
     0 | D:1      | Reached XP level 1. HP: 19/19 MP: 0/0
   136 | D:1      | Reached skill level 4 in Fighting
   148 | D:1      | Reached XP level 2. HP: 12/27 MP: 1/1
   493 | D:1      | Reached XP level 3. HP: 34/34 MP: 2/2
   732 | D:2      | Reached skill level 5 in Fighting
   908 | D:2      | Reached XP level 4. HP: 42/42 MP: 3/3
  1000 | D:2      | Found a faded altar of an unknown god.
  1023 | D:2      | Became a worshipper of Vehumet
  1023 | D:2      | Reached * piety under Vehumet
  1023 | D:2      | Offered knowledge of Freeze by Vehumet.
  1024 | D:2      | Fell from the grace of Vehumet
  1524 | D:3      | Reached skill level 6 in Fighting
  1647 | D:3      | Reached XP level 5. HP: 28/51 MP: 4/4
  1828 | D:3      | Found a sacrificial altar of Ru.
  2568 | D:4      | Noticed an ogre
  2578 | D:4      | Killed an ogre
  2578 | D:4      | Reached skill level 7 in Fighting
  2578 | D:4      | Reached XP level 6. HP: 21/60 MP: 5/5
  3704 | D:5      | Entered Level 5 of the Dungeon
  4062 | D:5      | Found a blossoming altar of Fedhas.
  4108 | D:5      | Reached skill level 8 in Fighting
  4208 | D:5      | Was forgiven by Vehumet
  4249 | D:5      | Reached XP level 7. HP: 42/69 MP: 6/6
  4256 | D:5      | HP: 2/103 [killer bee (6)]
  4258 | D:5      | Succumbed to a killer bee's poison

Illustrated notes

Levels and vault maps discovered:
D:1:      minmay_arrival_five_plusses, layout_rooms, minmay_small_reverse_x
D:2:      layout_rooms, chequers_ecumenical_altar_simple_redux,
          minmay_pentomino_v2
D:3:      layout_basic, lemuel_round_altar, glass_columns_a
D:4:      layout_loops_corners, first_ration
D:5:      layout_loops_ring, roderic_three_in_a_row, fedhas_altar_2

Skill      XL: |  1  2  3  4  5  6 |
---------------+-------------------+-----
Fighting       | 4 5 6 7 8 |  8.5
Axes           | 3 4 |  4.7
Armour         | 4 |  4.4
Shields        | 4 |  4.4

Action                   |  1- 3 |  4- 6 |  7- 9 || total
-------------------------+-------+-------+-------++-------
Melee: War axe           |    94 |   154 |     8 ||   256
       Headbutt          |     8 |    24 |       ||    32
Invok: Renounce Religion |       |     1 |       ||     1
  Use: Potion            |       |       |     1 ||     1
  Eat: Chunk             |       |     4 |       ||     4
       Ration            |       |     2 |       ||     2
Armor: Scale mail        |    50 |    84 |     4 ||   138
Dodge: Dodged            |    24 |    54 |     5 ||    83
Block: Kite shield       |    49 |    76 |     3 ||   128

Table legend:
 A = Non-vault XP
 B = Vault XP
 C = Vault XP percentage of total XP
 D = Non-vault monster count
 E = Vault monster count
 F = Vault count percentage of total count
                 A         B        C        D         E       F
            +---------+---------+-------+---------+---------+-------
      Total |     896 |      17 |   1.9 |     100 |       6 |   5.7
            +---------+---------+-------+---------+---------+-------
        D:1 |      42 |      11 |  20.8 |      25 |       4 |  13.8
        D:2 |      65 |       6 |   8.5 |      22 |       2 |   8.3
        D:3 |     164 |       0 |   0.0 |      25 |       0 |   0.0
        D:4 |     195 |       0 |   0.0 |       9 |       0 |   0.0
        D:5 |     430 |       0 |   0.0 |      19 |       0 |   0.0
            +---------+---------+-------+---------+---------+-------
